 Dungeon Crawl Stone Soup version 0.31-a0-369-g8eba5f6939 (webtiles) character file.

Game seed: 14362311941618955693

12747 floatRand the Martial Artist (level 11, -3/77 HPs)
             Began as a Yellow Draconian Shapeshifter on July 28, 2023.
             Was a Believer of Wu Jian.
             Slain by an ice devil (8 damage)
             ... on level 11 of the Dungeon.
             The game lasted 00:18:42 (10768 turns).

floatRand the Martial Artist (DrSh)                Turns: 10768, Time: 00:18:43

Health: -3/77      AC:  7    Str: 17    XL:     11   Next: 66%
Magic:  0/11       EV: 17    Int:  8    God:    Wu Jian [**....]
Gold:   796        SH:  0    Dex: 23    Spells: 10/10 levels left

rFire   . .          .
                       - Unarmed
rCold   . . .        (no shield)
rNeg    . . .        (body armour unavailable)
rPois   .            (helmet currently unavailable)
rElec   .            (cloak currently unavailable)
rCorr   +            (gloves currently unavailable)
SInv    .            (boots currently unavailable)
Will    .....        o - amulet of guardian spirit
Stlth   ++++         j - ring of flight
HPRegen 0.32/turn    t - +6 ring of dexterity
MPRegen 0.12/turn

%: guardian spirit
@: short of breath, beast-form, flying, slowed, very slow
A: beast (slay +6), spit acid, AC +7, unfitting armour, cold-blooded, acid
resistance
a: Breathe Acid, Begin Untransformation, Renounce Religion, Wall Jump


You were on level 11 of the Dungeon.
You worshipped Wu Jian.
Wu Jian was pleased with you.
You were a hulking beast.
You visited 1 branch of the dungeon, and saw 11 of its levels.
You also visited: Ossuary and Bailey.

You collected 796 gold pieces.

Inventory:

Armour
 p - a +1 cloak
 x - a scarf of invisibility
 K - a +0 pair of boots
Jewellery
 f - a ring of magical power
 j - a ring of flight (left hand)
 o - an amulet of guardian spirit (around neck)
 t - a +6 ring of dexterity (right hand)
Talismans
 b - a beast talisman
 c - a dragon-blood talisman
 F - a blade talisman
 L - a serpent talisman
Wands
 l - a wand of polymorph (16)
 s - a wand of paralysis (6)
 G - a wand of roots (4)
Scrolls
 e - 2 scrolls of fog
 h - a scroll of enchant armour
 i - 2 scrolls of enchant weapon
 n - a scroll of brand weapon
 v - 2 scrolls of teleportation
 w - a scroll of blinking
 y - a scroll of fear
 D - a scroll of immolation
 H - 2 scrolls of identify
 I - a scroll of torment {unknown}
Potions
 a - a potion of lignification
 d - a potion of attraction
 g - 2 potions of heal wounds
 k - 4 potions of haste
 m - 3 potions of enlightenment
 q - a potion of ambrosia
 r - 6 potions of curing
 u - 2 potions of mutation {unknown}
 z - a potion of magic {unknown}
 A - 2 potions of brilliance {unknown}
 B - a potion of invisibility {unknown}
 C - a potion of cancellation {unknown}
 E - 2 potions of might {unknown}
Miscellaneous
 J - a sack of spiders


   Skills:
 - Level 1.1 Fighting
 + Level 6.3 Dodging
 + Level 6.5 Stealth
 * Level 13.6 Unarmed Combat
 + Level 8.6 Shapeshifting


You had 10 spell levels left.
You didn't know any spells.
Your spell library contained the following spells:

 Spells                   Type           Power      Damage    Failure   Level
 Apportation              Tloc           0%         N/A       41%         1
 Kiss of Death            Conj/Necr      0%         2d5       41%         1
 Necrotise                Necr           0%         1d4       41%         1
 Sting                    Tmut/Pois      0%         1d3       41%         1
 Summon Small Mammal      Summ           0%         N/A       41%         1
 Poisonous Vapours        Pois/Air       0%         N/A       54%         2
 Sublimation of Blood     Necr           0%         N/A       54%         2
 Wereblood                Tmut           0%         N/A       54%         2
 Confusing Touch          Hex            0%         N/A       78%         3
 Portal Projectile        Hex/Tloc       0%         N/A       78%         3
 Tukima's Dance           Hex            0%         N/A       78%         3
 Volatile Blastmotes      Fire/Tloc      0%         2d10      78%         3
 Dispel Undead            Necr           0%         3d6       99%         4
 Fulminant Prism          Conj/Hex       0%         3d5       99%         4
 Iskenderun's Mystic Bla  Conj/Tloc      0%         2d3       99%         4
 Olgreb's Toxic Radiance  Pois           0%         N/A       99%         4
 Malign Gateway           Summ/Tloc      0%         N/A       100%        7
 Summon Hydra             Summ           0%         N/A       100%        7
 Summon Horrible Things   Summ           0%         N/A       100%        8


Dungeon Overview and Level Annotations

Branches:
Dungeon (11/15)            Temple (0/1) D:4            Lair (0/5) D:8
Ossuary (visited)          Bailey (visited)
    Orc: D:9-12

Altars:
Cheibriados
Dithmenos
Elyvilon
Gozag
Kikubaaqudgha
Okawaru
Qazlal
Sif Muna
Uskayaw
Vehumet
Wu Jian
Xom
Zin
The Shining One

Shops:
D:5 *   D:9 *

Portals:
Ice
Cave: D:11

Annotations:
D:3 1 runed translucent door, bmj180's ghost, novice MfIE
D:8 exclusion: statue


Innate Abilities, Weirdness & Mutations

You are a hulking beast.
Your limbs bulge with bestial killing power. (Slay +6)
You can spit globs of acid.
Your golden yellow scales are hard. (AC +7)
You cannot fit into any form of body armour.
You are cold-blooded and may be slowed by cold attacks.
You are resistant to acid. (rCorr)


Message History

The electric eel shoots out a bolt of lightning at you!
The bolt of electricity hits you.
You hit the electric eel but do no damage.
You punch the electric eel.
The electric eel is lightly wounded.
The electric eel shoots out a bolt of lightning at you!
The bolt of electricity hits you! x2
The bolt of electricity misses the electric eel.
You miss the electric eel. You tail-slap the electric eel!
The electric eel is severely wounded.
You punch the electric eel!
You kill the electric eel!
The Council accepts your kill.
You have got your breath back.
No target in view!
You start resting.
Magic restored.
Things that are here:
a +0 orcbow; a centaur corpse You reach down and open the door.
An ice devil comes into view.
Found a frozen archway.
There is an open door here.
An ice devil comes into view.
You spit a glob of acid.
The glob of acid misses the ice devil.
The ice devil misses you.
You barely miss the ice devil. The ice devil hits you!
The ice devil freezes you!!
You hit the ice devil but do no damage.
You punch the ice devil, but do no damage.
The ice devil hits you. The ice devil freezes you!!
You feel yourself slow down.
* * * LOW HITPOINT WARNING * * *
Unknown command.
You hit the ice devil.
The ice devil is lightly wounded.
The ice devil hits you.
* * * LOW HITPOINT WARNING * * *
The ice devil freezes you!
You die...

####### #..∩..#
#.....# .. ..... .#
.4. .. .# #4# .# ##.
##h## #.# .##...
#...# ..#
#.....###'#+###...
........).#.#..#
.............#.##
....~~~~.....)..##
~~~~~...~~.....<.#
~...................#
...................##


You could see 2 ice devils.

Vanquished Creatures
  A vault guard (Bailey)
  3 two-headed ogres
  Pikel (D:5)
  2 gargoyles
  A komodo dragon (D:10)
  A hornet (D:9)
  A blink frog (Bailey)
  Prince Ribbit (D:7)
  11 yaks (D:9)
  2 wyverns
  Eustachio (D:5)
  2 unseen horror simulacra (D:9)
  8 humans (Bailey)
  Menkaure (D:5)
  Edmund (D:5)
  3 acid dragons
  3 water moccasins (D:5)
  An orc warrior (D:9)
  2 sky beasts (D:6)
  5 ice beasts
  A black bear (D:7)
  2 ogres (D:4)
  A wolf (D:9)
  4 centaurs
  A lemure (D:5)
  A phantom (D:6)
  3 kobold brigands
  13 bullfrogs
  A gnoll sergeant (D:8)
  7 wights (D:9)
  2 electric eels
  7 howler monkeys
  3 human zombies (Ossuary)
  2 jellies
  A gnoll bouda (D:7)
  8 orc priests
  A sleepcap (D:8)
  5 iguanas
  7 orc wizards
  A centaur simulacrum (D:9)
  3 mummies
  6 adders
  7 gnolls
  3 white imps
  2 ufetubi
  A worm (D:3)
  2 dart slugs
  38 orcs
  4 endoplasms
  3 giant cockroaches
  9 goblins
  8 hobgoblins
  8 jackals
  2 quokkas
  2 ball pythons
  5 bats
  5 frilled lizards
  2 gnoll zombies (Ossuary)
  2 goblin zombies (Ossuary)
  4 hobgoblin zombies
  13 kobolds
  5 orc zombies
  3 rats
  A butterfly (D:5)
260 creatures vanquished.

Notes
Turn   | Place    | Note
-------+----------+-------------------------------------------
     0 | D:1      | floatRand the Draconian Shapeshifter began the quest for
                  | the Orb.
     0 | D:1      | Reached XP level 1. HP: 16/16 MP: 1/1
   256 | D:1      | Reached XP level 2. HP: 23/23 MP: 2/2
   802 | D:2      | Reached XP level 3. HP: 28/28 MP: 3/3
   846 | D:2      | Found a snail-covered altar of Cheibriados.
   878 | D:2      | Reached skill level 4 in Unarmed Combat
  1344 | D:3      | Found a hide-covered altar of Uskayaw.
  1366 | D:3      | Found a shimmering blue altar of Sif Muna.
  1389 | D:3      | Found a faded altar of an unknown god.
  1437 | D:3      | Reached XP level 4. HP: 35/35 MP: 4/4
  1499 | D:3      | Found a snail-covered altar of Cheibriados.
  1536 | D:3      | Found an iron altar of Okawaru.
  1569 | D:3      | Found a runed translucent door.
  1569 | D:3      | Noticed bmj180's ghost (novice MfIE)
  1783 | D:4      | Noticed an ogre
  2042 | D:4      | Found a sand-covered staircase.
  2068 | Ossuary  | Entered an ossuary
  2088 | Ossuary  | Reached skill level 5 in Unarmed Combat
  2088 | Ossuary  | Reached XP level 5. HP: 26/40 MP: 3/5
  2563 | D:4      | Noticed an ogre
  2581 | D:4      | Killed an ogre
  2582 | D:4      | Reached skill level 6 in Unarmed Combat
  2582 | D:4      | Reached XP level 6. HP: 27/47 MP: 2/6
  2671 | D:4      | Found a staircase to the Ecumenical Temple.
  3165 | D:5      | Entered Level 5 of the Dungeon
  3190 | D:5      | Found a shimmering altar of Xom.
  3292 | D:5      | Your scales start taking on a golden yellow colour.
  3292 | D:5      | Reached XP level 7. HP: 52/52 MP: 7/7
  3292 | D:5      | Gained mutation: You are resistant to acid. (rCorr) [Yellow
                  | Draconian growth]
  3370 | D:5      | Found a white marble altar of Elyvilon.
  3393 | D:5      | Noticed Edmund
  3418 | D:5      | Reached skill level 7 in Unarmed Combat
  3434 | D:5      | Killed Edmund
  3435 | D:5      | Reached skill level 5 in Shapeshifting
  3563 | D:5      | Found Pempotsa's Serpentskin Sales.
  3586 | D:5      | Reached skill level 8 in Unarmed Combat
  3805 | D:5      | Reached XP level 8. HP: 48/59 MP: 6/8
  4323 | D:5      | Noticed Pikel
  4323 | D:5      | Noticed Eustachio
  4496 | D:5      | Killed Pikel
  4497 | D:5      | Reached skill level 9 in Unarmed Combat
  4664 | D:5      | Noticed Menkaure
  4684 | D:5      | Killed Menkaure
  4813 | D:5      | Found a stormy altar of Qazlal.
  4815 | D:5      | Noticed an air elemental
  4969 | D:5      | Killed Eustachio
  4970 | D:5      | Reached skill level 10 in Unarmed Combat
  5026 | D:6      | Identified the +5 flail of Balance {flame, Will+ Str+3}
  5050 | D:6      | Reached XP level 9. HP: 54/64 MP: 6/9
  5199 | D:6      | Found a glowing silver altar of Zin.
  5260 | D:6      | Reached skill level 1 in Stealth
  6003 | D:7      | Noticed Prince Ribbit
  6018 | D:7      | Killed Prince Ribbit
  6113 | D:7      | Found a flagged portal.
  6157 | Bailey   | Entered a bailey
  6165 | Bailey   | Reached skill level 11 in Unarmed Combat
  6208 | Bailey   | Reached XP level 10. HP: 5/71 MP: 2/10
  6801 | Bailey   | Noticed a vault guard
  6898 | Bailey   | Killed a vault guard
  7037 | Bailey   | Noticed a vault guard
  7046 | Bailey   | Reached skill level 12 in Unarmed Combat
  7330 | D:7      | Identified the +0 robe of Ewixet {Rampage Slay+5}
  7357 | D:7      | Found an ornate altar of the Wu Jian Council.
  7358 | D:7      | Found an opulent altar of Gozag.
  7361 | D:7      | Found a glowing golden altar of the Shining One.
  7370 | D:7      | Became a worshipper of the Wu Jian Council
  7508 | D:8      | Found an ancient bone altar of Kikubaaqudgha.
  7623 | D:8      | Found a radiant altar of Vehumet.
  7754 | D:8      | Found a staircase to the Lair.
  8295 | D:9      | Reached * piety under Wu Jian
  8296 | D:9      | Reached skill level 5 in Dodging
  8297 | D:9      | Reached skill level 5 in Stealth
  8363 | D:9      | Reached XP level 11. HP: 57/77 MP: 8/11
  8604 | D:9      | Found Katempon's Demolitions Depot.
  8685 | D:9      | Noticed a two-headed ogre
  8712 | D:9      | Killed a two-headed ogre
  9175 | D:9      | Reached ** piety under Wu Jian
  9176 | D:9      | Reached skill level 13 in Unarmed Combat
  9662 | D:10     | Entered Level 10 of the Dungeon
  9873 | D:10     | Noticed a two-headed ogre
  9947 | D:10     | Noticed a two-headed ogre
  9980 | D:10     | Killed a two-headed ogre
 10065 | D:10     | Found a shadowy altar of Dithmenos.
 10500 | D:10     | Killed a two-headed ogre
 10762 | D:11     | Found a frozen archway.
 10768 | D:11     | Slain by an ice devil

Illustrated notes

Levels and vault maps discovered:
D:1:      nzn_arrival_water_spiral, layout_loops_ring, hangedman_decor_push,
          minmay_tripent
D:2:      layout_rooms, basic_altar
D:3:      layout_rooms, mainiacjoe_overflow_surrounded_room,
          mainiacjoe_overflow_tiny_flanked, okawaru_gym_becter,
          nicolae_uskayaw_suspiria, gammafunk_ghost_grave,
          shapermc_ecumenical_altar_mp_vishouse, nrook_uturn
D:4:      layout_basic, temple_green, nicolae_ossuary_entry_giza
D:5:      layout_basic, elyvilon_altar_3, xom_butterflies,
          nicolae_qazlal_style_of_elements, guppyfry_shop_venom, uniq_pikel,
          uniq_eustachio, uniq_menkaure, uniq_edmund
D:6:      layout_basic, amcnicky_altar_gilded
D:7:      layout_rooms, chequers_temple_overflow_statue_of_worship,
          enter_bailey_4, nicolae_concentric_dashed_squares_mild,
          uniq_prince_ribbit1
D:8:      layout_loops_ring, vehumet_statue,
          mainiacjoe_overflow_concentric_impassable, lair_entry_dummy
D:9:      layout_roguey, serial_ice, serial_ice_o, serial_ice_l, serial_ice_h,
          serial_ice_e, serial_ice_m, nicolae_blasting_shop
D:10:     layout_basic, grunt_dithmenos_smoke_and_mirrors
D:11:     layout_big_octagon, portal_ice_cave_demonic_guard, serial_ice,
          serial_ice_m, serial_ice_k, serial_ice_g, serial_ice_d, serial_ice_n,
          serial_ice_c, roderic_serpentine_path

Skill      XL: |  1  2  3  4  5  6  7  8  9 10 11 |
---------------+----------------------------------+-----
Unarmed Combat | 4 5 6 8 10 11 12 13 | 13.6
Shapeshifting  | 4 5 6 7 8 |  8.6
Dodging        | 3 5 6 |  6.3
Stealth        | 3 5 6 |  6.5
Fighting       | |  1.1

Action                     |  1- 3 |  4- 6 |  7- 9 | 10-12 || total
---------------------------+-------+-------+-------+-------++-------
  Melee: Unarmed           |   109 |   124 |   235 |   258 ||   726
         Tailslap          |     9 |    22 |    26 |    37 ||    94
         Punch             |     1 |     1 |    11 |    19 ||    32
Ability: Breathe Acid      |       |       |    16 |    28 ||    44
         Lunge             |       |       |       |    20 ||    20
         Whirlwind         |       |       |       |     6 ||     6
  Evoke: Wand              |       |       |       |     2 ||     2
    Use: Scroll            |       |    15 |     4 |     2 ||    21
         Potion            |       |       |     2 |     2 ||     4
   Stab: Sleeping          |     2 |     2 |     4 |     5 ||    13
         Distracted        |       |     1 |     1 |       ||     2
         Confused          |       |       |     2 |       ||     2
 Armour: Skin              |    34 |    19 |    46 |    31 ||   130
  Dodge: Dodged            |    78 |    58 |    96 |   170 ||   402

Table legend: (Time is in decaauts)
 A = Elapsed time spent in this place.
 B = Non-inter-level travel time spent in this place.
 C = Inter-level travel time spent in this place.
 D = Time resting spent in this place.
 E = Time spent auto-exploring this place.
 F = Levels seen in this place.
 G = Mean time per level.
                   A        B        C        D        E       F      G
               +--------+--------+--------+--------+--------+-----+--------+
         Total |  10644 |  10530 |    114 |   2192 |   5091 |  13 |  818.8 |
       Dungeon |   9179 |   9065 |    114 |   1343 |   5055 |  11 |  834.5 |
       Ossuary |    433 |    433 |      0 |    183 |     36 |   1 |  433.0 |
        Bailey |   1031 |   1031 |      0 |    666 |      0 |   1 | 1031.0 |
               +--------+--------+--------+--------+--------+-----+--------+

Top non-repeatable levels by time:
     D:5: 1811 daAuts
     D:9: 1445 daAuts
  Bailey: 1031 daAuts
    D:10: 943 daAuts
     D:4: 884 daAuts
     D:8: 809 daAuts
     D:3: 733 daAuts
     D:6: 709 daAuts
     D:7: 699 daAuts
     D:1: 677 daAuts
 Ossuary: 433 daAuts
     D:2: 417 daAuts
    D:11: 48 daAuts
